 Dungeon Crawl Stone Soup version 0.14.1-24-gbdbe590 (webtiles) character file.

166901 homeless the Warrior (level 17, 0/172 HPs)
             Began as a Minotaur Fighter on June 20, 2014.
             Was the Champion of Okawaru.
             Succumbed to a greater naga's poison arrow
             ... on Level 5 of the Snake Pit.
             The game lasted 02:12:42 (43061 turns).

homeless the Warrior (Minotaur Fighter)            Turns: 43061, Time: 02:12:42

HP   0/172       AC 33     Str 25      XL: 17   Next: 27%
MP  16/16        EV 21     Int  6      God: Okawaru [******]
Gold 1443        SH  0     Dex 20      Spells:  0 memorised, 16 levels left

rFire  . . .     SeeInvis .     r - +9,+1 executioner's axe (vamp)
rCold  . . .     Clarity  +     b - +3 plate armour {rPois}
rNeg   + . .     Conserve .     (no shield)
rPois  +         rCorr    .     (helmet restricted)
rElec  .         rRot     .     T - +2 cloak
SustAb . .       Spirit   .     c - +2 pair of gloves "Terujys" {Dex+2 Int+1}
rMut   .         Warding  .     (no boots)
Saprov . . .     Stasis   .     O - amulet of the Four Winds {Clar rN+ MR+++}
MR     ++++.                    e - +2 ring of protection
                                V - +2 ring of evasion

@: invisible, agile, lethally poisoned, very slightly contaminated, heroism,
incredibly resistant to hostile enchantments, extremely unstealthy
A: retaliatory headbutt, horns 2
a: Heroism, Finesse, Renounce Religion


You were on level 5 of the Snake Pit.
You worshipped Okawaru.
Okawaru was exalted by your worship.
You were not hungry.

You visited 5 branches of the dungeon, and saw 33 of its levels.

You collected 2749 gold pieces.
You spent 1306 gold pieces at shops.

Inventory:

Hand weapons
 r - a +9,+1 vampiric executioner's axe (weapon)
 w - a +3,+4 battleaxe
 x - a +8,+0 broad axe of flaming
Armour
 b - a +3 plate armour of poison resistance (worn)
 c - the +2 pair of gloves "Terujys" (worn) {Dex+2 Int+1}
   (You acquired it on level 13 of the Dungeon)

   It affects your intelligence (+1).
   It affects your dexterity (+2).
 T - a +2 cloak (worn)
Magical devices
 i - a wand of disintegration (8)
 k - a wand of disintegration (8)
 p - a wand of random effects (12)
 D - a wand of cold (7)
 S - a wand of frost (8) {unknown}
 U - a wand of digging (13)
Comestibles
 d - 4 bread rations
 f - 6 meat rations
 F - 5 apricots
Scrolls
 o - 2 scrolls of remove curse
 s - a scroll of recharging
 t - 2 scrolls of identify
 y - a scroll of teleportation
 G - 2 scrolls of fog
 I - a scroll of enchant weapon I
Jewellery
 a - an uncursed amulet of resist mutation
 e - a +2 ring of protection (right hand)
 h - an uncursed amulet of conservation
 j - a +3 ring of intelligence
 v - an uncursed amulet of clarity
 z - an uncursed ring of flight
 A - an uncursed amulet of stasis
 C - a +2 ring of dexterity {unknown}
 K - an uncursed ring of teleport control
 O - the amulet of the Four Winds (around neck) {Clar rN+ MR+++}
   (You found it on level 9 of the Dungeon)

   [amulet of clarity]

   It protects you from negative energy.
   It affects your resistance to hostile enchantments.
 V - a +2 ring of evasion (left hand)
Potions
 g - 3 potions of might
 l - a potion of invisibility
 m - 3 potions of resistance
 n - a potion of confusion
 q - 2 potions of flight
 E - 2 potions of brilliance
 H - 5 potions of curing
 M - 2 potions of restore abilities
 N - a potion of agility
 R - 3 potions of magic
Books
 u - a book of Unlife

   Spells                             Type                      Level
   Recall                             Summoning/Translocation      3
   Animate Dead                       Necromancy                   4
   Control Undead                     Necromancy                   4
   Twisted Resurrection               Necromancy                   5
   Death Channel                      Necromancy                   6
   Simulacrum                         Ice/Necromancy               6


   Skills:
 * Level 20.8(25.8) Fighting
 + Level 20.4(25.4) Axes
 * Level 18.5(23.5) Armour
 - Level 6.2(11.2) Dodging
 - Level 1.9(6.9) Stealth
   Level 3.6(8.6) Shields
 + Level 3.5 Invocations
 - Level 0.2 Evocations


You had 16 spell levels left.
You didn't know any spells.

Dungeon Overview and Level Annotations

Branches:
Dungeon (15/15)            Temple (1/1) D:5             Orc (4/4) D:9
    Elf (0/3) Orc:4          Lair (8/8) D:10         Shoals (0/5) Lair:4
  Snake (5/5) Lair:5        Slime (0/6) Lair:6       Vaults (0/5) D:13
 Depths (0/5) D:15

Altars:
Cheibriados
Dithmenos
Elyvilon
Kikubaaqudgha
Nemelex Xobeh
Okawaru
Sif Muna
Trog
Vehumet
Zin
The Shining One

Shops:
D:11 :   Orc:4 [=%!=


Innate Abilities, Weirdness & Mutations

You reflexively headbutt those who attack you in melee.
You have a pair of horns on your head.


Message History

Drink which item? (? for menu, Esc to quit)
You feel agile all of a sudden.
The naga mage shouts!
Drink which item? (? for menu, Esc to quit)
You fade into invisibility!
The naga warrior shouts!
The greater naga gestures at you while chanting.
You resist with almost no effort.
The naga ritualist points at you and mumbles some strange words.
You resist with almost no effort.
You are very lightly contaminated with residual magic.
The naga ritualist hits you but does no damage.
The naga ritualist closely misses you.
You see here a dagger of venom.
The greater naga points at you and mumbles some strange words.
The poison arrow hits you!
You are poisoned.
You partially resist.
* * * LOW HITPOINT WARNING * * *
You die...

.........### ##.[......
...........####.........
.##.....................
# ##...................
##...................
##..................
##................#
##..............#
#......).@....##
###..).)....###
#..))..#### #..).)N#
##...N§## #...§§§##
#..)(§§§##
####...##...###
#.....)))N....#


You could see a greater naga and a naga ritualist.

Vanquished Creatures
  Kirke (Snake:2)
  4 greater nagas
  An azure jelly (Snake:4)
  Snorg (D:14)
  5 ogre magi
  A vault guard (D:13)
  2 hydras
  11 naga warriors
  3 anacondas
  2 tengu warriors
  23 death yaks
  2 centaur warriors (D:15)
  6 shock serpents
  Urug (D:10)
  11 naga sharpshooters
  4 salamander mystics
  A very ugly thing (D:13)
  3 catoblepae (Lair:8)
  13 skeletal warriors
  5 naga ritualists
  3 unseen horrors
  2 orc knights
  5 hill giants
  2 wizards (D:15)
  12 mana vipers
  A wolf spider zombie (D:15)
  A necromancer (D:15)
  2 cyclopes
  6 orc sorcerers
  A griffon (Lair:4)
  4 manticores
  22 elephants
  23 black mambas
  8 salamanders
  Maurice (D:11)
  4 guardian serpents
  2 gargoyles
  3 kobold demonologists (D:15)
  Psyche (D:13)
  14 naga magi
  12 spiny frogs
  A feature mimic (D:15)
  3 fire drakes
  A hellwing (D:15)
  2 centaur zombies (D:15)
  Grinder (D:5)
  6 trolls
  3 freezing wraiths
  9 komodo dragons
  A tengu conjurer (D:15)
  The ghost of heinrich the Magician, an experienced VSIE of Vehumet (D:6)
  3 slime creatures (D:12)
  5 ravens
  18 two-headed ogres
  A trapdoor spider zombie (D:10)
  A boulder beetle (Lair:6)
  22 blink frogs
  A griffon zombie (D:12)
  4 basilisks
  A shadow (D:13)
  A wraith (D:15)
  42 yaks
  A trapdoor spider (D:11)
  A fire dragon skeleton (D:15)
  3 deep elf magi
  A hog (Snake:2)
  2 sharks (Lair:6)
  A human (D:7)
  11 ugly things
  4 vampire mosquitoes
  5 hungry ghosts
  The ghost of hcnick the Grave Robber, an average DDNe (D:4)
  2 hill giant skeletons
  2 wyverns
  4 wargs
  A mottled dragon (D:14)
  14 hippogriffs
  A wolf (Lair:8)
  A soldier ant (D:11)
  7 porcupines
  47 nagas
  22 water moccasins
  3 yellow wasps
  A human skeleton (D:14)
  3 black bears
  29 ogres
  5 sky beasts
  26 orc warriors
  5 phantoms
  An ice beast (D:14)
  13 crocodiles
  6 centaurs
  3 big kobolds (D:15)
  A giant slug zombie (D:15)
  21 giant frogs
  A gnoll sergeant (D:3)
  14 giant slugs
  A cyclops skeleton (D:12)
  8 scorpions
  4 troll zombies
  2 eyes of draining (D:14)
  A yak skeleton (D:10)
  7 wights (D:11)
  A troll skeleton (D:7)
  6 goliath beetles
  4 jellies
  8 crimson imps
  An electric eel (Lair:6)
  An elf zombie (D:15)
  30 orc priests
  A big fish (Lair:6)
  A giant slug simulacrum (D:15)
  3 gnoll shamans (D:3)
  11 hounds
  Crazy Yiuf (D:6)
  37 orc wizards
  4 centaur skeletons
  A two-headed ogre skeleton (D:13)
  6 worker ants
  Natasha (D:3)
  7 iguanas
  6 sheep
  Ijyb (D:4)
  Jessica (D:3)
  A big kobold skeleton (D:9)
  5 ogre zombies (D:9)
  Terence (D:3)
  A hound skeleton (D:4)
  A hound zombie (D:5)
  A mummy (D:13)
  A worker ant zombie (D:7)
  A brain worm simulacrum (D:15)
  51 green rats
  29 adders
  46 gnolls
  3 giant mites
  13 shadow imps
  An inept feature mimic (D:2)
  2 worms
  An adder zombie (D:8)
  2 giant eyeballs
  9 giant geckos
  2 oozes
  190 orcs
  7 giant cockroaches
  20 goblins
  25 hobgoblins
  41 jackals
  15 quokkas
  6 ball pythons
  27 bats
  A giant gecko zombie (D:6)
  2 giant newts
  A giant spore (D:14)
  A goblin skeleton (D:9)
  3 goblin zombies
  2 hobgoblin skeletons (D:9)
  3 hobgoblin zombies (D:9)
  16 kobolds
  3 orc skeletons (D:9)
  15 orc zombies
  19 rats
  2 rat skeletons
  A ballistomycete (D:14)
  A bush (D:8)
  3 fungi
  4 plants
1353 creatures vanquished.

Vanquished Creatures (others)
  An ogre mage (D:15)
  A black mamba (Snake:5)
  2 humans (Snake:2)
  9 fungi
  2 plants (Lair:8)
15 creatures vanquished.

Grand Total: 1368 creatures vanquished

Notes
Turn   | Place    | Note
--------------------------------------------------------------
     0 | D:1      | homeless, the Minotaur Fighter, began the quest for the Orb.
     0 | D:1      | Reached XP level 1. HP: 19/19 MP: 1/1
   192 | D:1      | Reached skill level 4 in Fighting
   193 | D:1      | Reached XP level 2. HP: 27/27 MP: 1/1
   777 | D:2      | Reached XP level 3. HP: 31/34 MP: 2/2
  1050 | D:2      | Found a bloodstained altar of Trog.
  1245 | D:3      | Reached skill level 1 in Dodging
  1245 | D:3      | Reached XP level 4. HP: 23/41 MP: 2/2
  1413 | D:3      | Reached skill level 5 in Fighting
  1753 | D:3      | Reached XP level 5. HP: 48/48 MP: 2/2
  1783 | D:3      | Noticed Terence
  1790 | D:3      | Killed Terence
  2149 | D:3      | Reached skill level 5 in Armour
  2149 | D:3      | Reached XP level 6. HP: 43/57 MP: 3/3
  2245 | D:3      | Reached skill level 6 in Fighting
  2258 | D:3      | Noticed Natasha
  2263 | D:3      | Killed Natasha
  2268 | D:3      | Noticed Jessica
  2278 | D:3      | Killed Jessica
  2286 | D:3      | Found a glowing silver altar of Zin.
  2751 | D:3      | Reached XP level 7. HP: 51/64 MP: 3/3
  2753 | D:3      | Noticed a gnoll sergeant
  2777 | D:3      | Killed a gnoll sergeant
  2777 | D:3      | Reached skill level 5 in Axes
  3082 | D:3      | Reached skill level 7 in Fighting
  3641 | D:4      | Noticed hcnick's ghost (average DDNe)
  3659 | D:4      | Killed hcnick's ghost
  3659 | D:4      | Reached XP level 8. HP: 35/74 MP: 3/3
  3878 | D:4      | Reached skill level 1 in Stealth
  3901 | D:4      | Paralysed by a giant eyeball for 4 turns
  3934 | D:4      | Noticed Ijyb
  3953 | D:4      | Killed Ijyb
  4445 | D:5      | Entered Level 5 of the Dungeon
  4485 | D:5      | Found a staircase to the Ecumenical Temple.
  4494 | Temple   | Entered the Ecumenical Temple
  4568 | Temple   | Became a worshipper of Warmaster Okawaru
  4820 | D:5      | Reached skill level 8 in Fighting
  4887 | D:5      | Noticed Grinder
  4896 | D:5      | Killed Grinder
  4896 | D:5      | Reached skill level 5 in Dodging
  5036 | D:5      | Found an iron altar of Okawaru.
  5039 | D:5      | Acquired Okawaru's first power
  5463 | D:6      | Noticed Crazy Yiuf
  5471 | D:6      | Killed Crazy Yiuf
  5471 | D:6      | Reached XP level 9. HP: 69/82 MP: 4/4
  5566 | D:6      | Reached skill level 9 in Fighting
  5829 | D:6      | Noticed heinrich's ghost (experienced VSIE)
  5856 | D:6      | Killed heinrich's ghost
  6182 | D:7      | Got a fine leather armour
  6198 | D:7      | Identified the cursed -4 leather armour of Brerph {Int+3} (You found it on level 7 of the Dungeon)
  7101 | D:7      | Found a white marble altar of Elyvilon.
  7130 | D:7      | Reached skill level 10 in Fighting
  7353 | D:8      | Reached XP level 10. HP: 84/93 MP: 4/4
  7682 | D:8      | Paralysed by a giant eyeball for 2 turns
  8093 | D:8      | Found a glowing golden altar of the Shining One.
  8329 | D:9      | Found a white marble altar of Elyvilon.
  8815 | D:9      | Reached skill level 10 in Armour
  8892 | D:9      | Found a staircase to the Orcish Mines.
  9120 | D:9      | Reached skill level 10 in Axes
  9501 | D:10     | Entered Level 10 of the Dungeon
  9526 | D:10     | Found a staircase to the Lair.
 10132 | D:10     | Reached skill level 11 in Fighting
 10448 | D:10     | Noticed Urug
 10470 | D:10     | Killed Urug
 10470 | D:10     | Acquired Okawaru's second power
 10484 | D:10     | Killed an unseen horror
 10936 | D:10     | Received a gift from Okawaru
 11148 | D:10     | Reached XP level 11. HP: 70/102 MP: 4/4
 12142 | D:11     | Reached skill level 12 in Fighting
 12290 | D:11     | Found Laloj's Book Shop.
 12301 | D:11     | Identified the Collected Works on Weightlessness
 12667 | D:11     | Noticed a hill giant
 12685 | D:11     | Killed a hill giant
 12922 | D:11     | Noticed Maurice
 12939 | D:11     | Killed Maurice
 13169 | D:12     | Noticed a hill giant
 13173 | D:12     | Noticed a skeletal warrior
 13188 | D:11     | Killed a hill giant
 13374 | D:12     | Noticed a hill giant
 13380 | D:11     | Killed a hill giant
 13904 | D:12     | Noticed a skeletal warrior
 13907 | D:12     | Noticed a skeletal warrior
 13943 | D:12     | Noticed a skeletal warrior
 13985 | D:11     | Killed a skeletal warrior
 14153 | D:12     | Reached skill level 13 in Fighting
 14850 | D:12     | Reached XP level 12. HP: 95/115 MP: 6/6
 14982 | D:12     | Reached skill level 1 in Invocations
 15004 | D:12     | Noticed a skeletal warrior
 15028 | D:12     | HP: 3/115 [skeletal warrior/wand of lightning (16)]
 15029 | D:12     | Killed a skeletal warrior
 15029 | D:12     | Received a gift from Okawaru
 15534 | D:12     | Killed a skeletal warrior
 15585 | D:12     | Killed a skeletal warrior
 15719 | D:12     | Killed a skeletal warrior
 16601 | D:13     | Found a white marble altar of Elyvilon.
 16615 | D:13     | Noticed Psyche
 16628 | D:13     | Killed Psyche
 16628 | D:13     | Reached skill level 14 in Fighting
 16679 | D:13     | Identified a scroll of acquirement
 16680 | D:13     | Got a pair of ichor-stained gloves
 16684 | D:13     | Identified the +2 pair of gloves "Terujys" {Dex+2 Int+1} (You acquired it on level 13 of the Dungeon)
 16897 | D:13     | Noticed a vault guard
 17162 | D:13     | Found a gate to the Vaults.
 17167 | D:13     | Killed a vault guard
 17169 | D:13     | Got a transparent copper amulet
 17226 | D:13     | Got a warped steel amulet
 17233 | D:13     | Identified the amulet of Reluob {Faith +Inv rN+} (You took it off a vault guard on level 13 of the Dungeon)
 17637 | D:14     | Noticed an ogre mage
 17648 | D:14     | Killed an ogre mage
 18024 | D:14     | Reached XP level 13. HP: 96/125 MP: 9/9
 18116 | D:14     | Noticed Snorg
 18128 | D:14     | Killed Snorg
 18832 | D:14     | Reached skill level 15 in Fighting
 19773 | D:15     | Entered Level 15 of the Dungeon
 19958 | Lair:1   | Entered Level 1 of the Lair of Beasts
 20422 | Lair:1   | Reached skill level 15 in Armour
 20463 | Lair:1   | Got a transparent chain mail
 20594 | Lair:1   | Identified the cursed -5 chain mail of the Salmon {rPois rN+ Str+2 Acc+4} (You found it on level 1 of the Lair of Beasts)
 23189 | Lair:4   | Received a gift from Okawaru
 23193 | Lair:4   | Reached skill level 15 in Axes
 23514 | Lair:4   | Found a staircase to the Shoals.
 23642 | Lair:4   | Reached skill level 16 in Fighting
 24191 | Lair:4   | Reached XP level 14. HP: 135/137 MP: 9/9
 24530 | Lair:4   | Found a snail-covered altar of Cheibriados.
 25544 | Lair:5   | Found a staircase to the Snake Pit.
 26201 | Lair:6   | Found a staircase to the Slime Pits.
 27272 | Lair:7   | Received a gift from Okawaru
 28703 | Lair:7   | Reached skill level 17 in Fighting
 29020 | Lair:8   | Entered Level 8 of the Lair of Beasts
 29403 | Lair:8   | Received a gift from Okawaru
 30490 | Lair:8   | Received a gift from Okawaru
 30490 | Lair:8   | Reached XP level 15. HP: 108/148 MP: 12/12
 31073 | Lair:8   | Reached skill level 18 in Fighting
 31705 | Orc:1    | Entered Level 1 of the Orcish Mines
 33212 | Orc:4    | Entered Level 4 of the Orcish Mines
 33296 | Orc:4    | Found a dark tunnel.
 33380 | Orc:4    | Found a staircase to the Elven Halls.
 33791 | Orc:4    | Found Twiu's Jewellery Boutique.
 33792 | Orc:4    | Found Alefupr Dafu's Distillery.
 33792 | Orc:4    | Found Araimn's Food Emporium.
 33792 | Orc:4    | Found Acodiorgh's Jewellery Shop.
 34258 | Orc:4    | Bought an uncursed amulet of resist mutation for 640 gold pieces
 34259 | Orc:4    | Bought an uncursed amulet of conservation for 480 gold pieces
 34261 | Orc:4    | Bought a potion of heal wounds for 33 gold pieces
 34261 | Orc:4    | Bought a potion of might for 27 gold pieces
 34261 | Orc:4    | Bought a potion of agility for 27 gold pieces
 34261 | Orc:4    | Bought a potion of heal wounds for 33 gold pieces
 34261 | Orc:4    | Bought a potion of curing for 22 gold pieces
 34261 | Orc:4    | Bought a potion of curing for 22 gold pieces
 34261 | Orc:4    | Bought a potion of curing for 22 gold pieces
 34339 | Orc:4    | Found Stala's Antique Armour Emporium.
 35014 | D:15     | Received a gift from Okawaru
 35831 | D:15     | Found a staircase to the Depths.
 35962 | D:15     | Reached skill level 19 in Fighting
 36418 | Snake:1  | Entered Level 1 of the Snake Pit
 36597 | Snake:1  | Reached XP level 16. HP: 150/160 MP: 12/14
 37108 | Snake:1  | Received a gift from Okawaru
 37127 | Snake:1  | Got a warped robe {god gift}
 37141 | Snake:1  | Identified the -3 robe of Lilacs {Dex-3 Dam+3} (Okawaru gifted it to you on level 1 of the Snake Pit)
 38138 | Snake:2  | Noticed Kirke
 38150 | Snake:2  | Killed Kirke
 39954 | Snake:4  | Reached skill level 20 in Fighting
 39969 | Snake:4  | Received a gift from Okawaru
 41452 | Snake:4  | Received a gift from Okawaru
 41658 | Snake:5  | Entered Level 5 of the Snake Pit
 41917 | Snake:5  | Reached XP level 17. HP: 164/171 MP: 16/16
 41965 | Snake:5  | Received a gift from Okawaru
 43060 | Snake:5  | HP: 1/172 [greater naga/poison arrow (21)]
 43061 | Snake:5  | Succumbed to a greater naga's poison arrow

Action                   |  1- 3 |  4- 6 |  7- 9 | 10-12 | 13-15 | 16-18 || total
-------------------------+-------+-------+-------+-------+-------+-------++-------
Melee: War axe           |    77 |   165 |   480 |   331 |       |       ||  1053
       Battleaxe         |       |       |       |   567 |  1629 |   469 ||  2665
       Broad axe         |       |       |       |       |     3 |       ||     3
       Executioner's axe |       |       |       |       |       |   203 ||   203
Invok: Heroism           |       |       |       |    17 |    18 |     2 ||    37
Evoke: Wand              |       |       |       |       |    13 |       ||    13
  Use: Scroll            |     3 |     2 |    10 |    13 |    15 |    12 ||    55
       Potion            |       |       |     3 |     5 |     3 |     9 ||    20
 Stab: Distracted        |       |       |     1 |       |     1 |       ||     2
